 Dungeon Crawl Stone Soup version 0.30-a0-1123-gabc949cf19 (webtiles) character file.

Game seed: 14143681023582234674

8 hikkokomori the Charlatan (level 2, -1/14 HPs)
             Began as a Spriggan Artificer on Apr 22, 2023.
             Slain by a kobold
             ... wielding a +3 dagger
              (4 damage)
             ... on level 1 of the Dungeon on Apr 23, 2023.
             The game lasted 00:00:40 (139 turns).

hikkokomori the Charlatan (Spriggan Artificer)       Turns: 139, Time: 00:00:41

Health: -1/14      AC:  2    Str:  8    XL:     2   Next: 0%
Magic:  3/3        EV: 18    Int: 12    God:
Gold:   0          SH:  0    Dex: 15    Spells: 1/1 levels left

rFire   . . .        h - +0 short sword
rCold   . . .        (no shield)
rNeg    . . .        b - +0 robe
rPois   .            (helmet restricted)
rElec   .            (no cloak)
rCorr   .            (gloves unavailable)
SInv    +            (boots unavailable)
Will    .....        (no amulet)
Stlth   ++           (no ring)
HPRegen 0.22/turn    (no ring)
MPRegen 0.08/turn

%: no passive effects
@: very quick
A: very small, no large weapons, unfitting armour, see invisible, speed 3
a: no special abilities


You were on level 1 of the Dungeon.
You visited 1 branch of the dungeon, and saw 1 of its levels.

Inventory:

Hand Weapons
 a - a +0 club
 h - a +0 short sword (weapon)
Armour
 b - a +0 robe (worn)
Wands
 c - a wand of flame (11) (quivered)
 d - a wand of charming (15)
 e - a wand of iceblast (5)
Potions
 f - a potion of lignification {unknown}
 g - a potion of degeneration {unknown}
 i - a potion of curing {unknown}


   Skills:
 + Level 1.0 Fighting
 + Level 3.4 Dodging
 + Level 2.1 Stealth
 + Level 4.2 Evocations


You had one spell level left.
You didn't know any spells.
Your spell library was empty.

Dungeon Overview and Level Annotations

Branches:
Dungeon (1/15)

Altars:


Innate Abilities, Weirdness & Mutations

You are very small and have problems with some larger weapons.
You are too small for most types of armour.
You have supernaturally acute eyesight. (SInv)
You cover ground extremely quickly. (Speed+++)


Message History

h - a +0 short sword (weapon)
HP restored.
i - a fuming red potion A ball python comes into view.
A ball python is nearby!
A ball python is nearby!
A kobold and an endoplasm come into view.
An endoplasm comes into view.
The ball python hisses angrily.
The kobold shouts!
The endoplasm quivers.
The endoplasm freezes you.
You are frozen.
You hit the endoplasm.
The endoplasm is severely wounded.
The endoplasm hits you.
You hit the endoplasm but do no damage.
The endoplasm is severely wounded.
The endoplasm misses you.
You hit the endoplasm.
You kill the endoplasm!
You hit the ball python.
You kill the ball python!
The kobold misses you.
You have reached level 2!
You closely miss the kobold. The kobold misses you.
You hit the kobold but do no damage. The kobold hits you with a +3 dagger.
You are too injured to fight recklessly!
You are too injured to fight recklessly!
You are too injured to fight recklessly!
You are too injured to fight recklessly!
You are too injured to fight recklessly!
You barely miss the kobold. The kobold hits you with a +3 dagger.
You closely miss the kobold. The kobold hits you but does no damage.
You barely miss the kobold. The kobold hits you with a +3 dagger.
* * * LOW HITPOINT WARNING * * *
You hit the kobold. Your punch misses the kobold.
The kobold is moderately wounded.
The kobold hits you with a +3 dagger.
You die...

.J #.. ...##...
........ ## #.#.S.#
... .##..#..# ...
........# ...
........########. ..#
......$.†@K...... ..#
.....#.########. ..#
######.##### ..#
#........# ..#
#........#
..#########........##
..'...................
..#########........###
...................#


You could see a kobold.

Vanquished Creatures
  A dart slug (D:1)
  A bat (D:1)
  An endoplasm (D:1)
  A kobold (D:1)
  A ball python (D:1)
  A rat (D:1)
6 creatures vanquished.

Notes
Turn   | Place    | Note
-------+----------+-------------------------------------------
     0 | D:1      | hikkokomori the Spriggan Artificer began the quest for the
                  | Orb.
     0 | D:1      | Reached XP level 1. HP: 9/9 MP: 2/2
   104 | D:1      | Reached skill level 1 in Fighting
   134 | D:1      | Reached XP level 2. HP: 9/14 MP: 3/3
   139 | D:1      | Slain by a kobold

Illustrated notes

Levels and vault maps discovered:
D:1:      nzn_arrival_water_spiral, layout_basic,
          chequers_serial_rivers_micro_a, hangedman_abyss_or_decor_lesser_grid

Skill      XL: |  1 |
---------------+----+-----
Fighting       | 1 |  1.0
Stealth        | 2 |  2.1
Dodging        | |  3.4
Evocations     | |  4.2

Action                     || total
---------------------------++-------
  Melee: Club              ||     6
         Short sword       ||    10
  Evoke: Wand              ||     4
 Armour: Robe              ||     1
  Dodge: Dodged            ||     6

Table legend: (Time is in decaauts)
 A = Elapsed time spent in this place.
 B = Non-inter-level travel time spent in this place.
 C = Inter-level travel time spent in this place.
 D = Time resting spent in this place.
 E = Time spent auto-exploring this place.
 F = Levels seen in this place.
 G = Mean time per level.
                   A        B        C        D        E       F      G
               +--------+--------+--------+--------+--------+-----+--------+
         Total |     95 |     95 |      0 |      0 |     58 |   1 |   95.0 |
       Dungeon |     95 |     95 |      0 |      0 |     58 |   1 |   95.0 |
               +--------+--------+--------+--------+--------+-----+--------+

Top non-repeatable levels by time:
     D:1: 95 daAuts
